[Event "Nationale Pupillendag 2012 - Cat. F"]
[Site "Roosendaal"]
[Date "2012.06.16"]
[Round "6.14"]
[White "Bakker, Mark"]
[Black "Terpstra, Thijmen"]
[Result "0-1"]
[ECO "D00"]
[WhiteElo "493"]
[BlackElo "702"]
[PlyCount "54"]
[EventDate "2012.??.??"]
[TimeControl "1200+25"]
[WhiteClock "0:16:54"]
[BlackClock "0:20:00"]

1. d4 d5 2. e3 c5 3. dxc5 e5 4. e4 d4 5. Bb5+ Nd7 6. Bxd7+ Bxd7 7. Bd2 Bxc5 8.
Nf3 Qe7 9. O-O Nf6 10. Re1 Bc6 11. Bg5 h6 12. Bxf6 Qxf6 13. Nbd2 O-O 14. Nb3
Bb4 15. Nfd2 Qg5 16. a3 Bxd2 17. Nxd2 Rfe8 18. Nc4 Re6 19. Qf3 Rg6 20. b4 b5
21. Nb2 Re8 22. c4 Ree6 23. cxb5 Bxb5 24. Rec1 Ref6 25. Rc8+ Kh7 26. Qh3 Bd7
27. Qxd7 Qxg2# 0-1

[Event "Nationale Pupillendag 2012 - Cat. F"]
[Site "Roosendaal"]
[Date "2012.06.16"]
[Round "6.15"]
[White "Varnica, Milan"]
[Black "Mathieu, Pieter"]
[Result "1-0"]
[ECO "D00"]
[WhiteElo "724"]
[BlackElo "702"]
[PlyCount "63"]
[EventDate "2012.??.??"]
[TimeControl "1200+80"]
[WhiteClock "0:12:27"]
[BlackClock "0:12:58"]

1. d4 d5 2. Bf4 Nf6 3. e3 Bf5 4. Nf3 Nc6 5. c4 e6 6. Nc3 Be7 7. Be2 O-O 8. O-O
h6 9. cxd5 exd5 10. Qb3 Nb4 11. a3 Bd3 12. axb4 Bxe2 13. Nxe2 Ne4 14. Nc3 Nxc3
15. bxc3 b6 16. Qa4 a5 17. bxa5 Rxa5 18. Qc6 Rxa1 19. Rxa1 Qb8 20. Bxc7 Qc8 21.
Qxb6 Bd8 22. Bxd8 Rxd8 23. h3 Qd7 24. Ne5 Qc8 25. Rc1 Qa8 26. Qc7 Rc8 27. Qxf7+
Kh8 28. Ng6+ Kh7 29. Rb1 Rxc3 30. Rb7 Qa1+ 31. Kh2 Qb1 32. Qxg7# 1-0

[Event "Nationale Pupillendag 2012 - Cat. F"]
[Site "Roosendaal"]
[Date "2012.06.16"]
[Round "6.16"]
[White "Kikken, Calvin"]
[Black "Luiten, Timo"]
[Result "0-1"]
[ECO "C50"]
[WhiteElo "450"]
[BlackElo "670"]
[PlyCount "120"]
[EventDate "2012.??.??"]
[TimeControl "1200+55"]
[WhiteClock "0:16:55"]
[BlackClock "0:11:12"]

1. e4 e5 2. Nf3 Nc6 3. Nc3 Nf6 4. Bc4 Bc5 5. O-O O-O 6. a3 Ng4 7. h3 Nf6 8. g4
d6 9. d3 Nd4 10. Nxd4 Bxd4 11. g5 Nd7 12. Be3 Bxe3 13. fxe3 Qxg5+ 14. Kf2 Nf6
15. Rg1 Qh4+ 16. Rg3 Bxh3 17. Qg1 c6 18. d4 exd4 19. exd4 d5 20. exd5 cxd5 21.
Nxd5 Nxd5 22. Bxd5 Qxd4+ 23. Re3 Qxd5 24. Qg3 Qd7 25. Qxh3 Qxh3 26. Rxh3 Rad8
27. Rg1 Rd2+ 28. Ke3 Rxc2 29. Rhg3 g6 30. b4 Ra2 31. Kd4 Rd8+ 32. Ke5 Re2+ 33.
Kf6 Rd6+ 34. Kg5 Rf2 35. Kg4 Rd4+ 36. Kh3 Rd5 37. Rc3 Rh5+ 38. Kg3 Rf6 39. Rc8+
Kg7 40. Rd1 Rg5+ 41. Kh4 Kh6 42. a4 Rf2 43. Rh1 Rd5 44. Kg3+ Kg7 45. Kxf2 Rf5+
46. Ke3 Re5+ 47. Kd4 Rg5 48. Re1 f5 49. Re7+ Kh6 50. Rc1 Rh5 51. Rf1 Rh4+ 52.
Kd3 f4 53. Re4 Rh3+ 54. Kd4 f3 55. Rf4 g5 56. R4xf3 Rh4+ 57. Ke5 Rh5 58. Rf6+
Kg7 59. Rf7+ Kg8 60. R1f6 g4+ {Rxb7 [%clk 0:16:43]} 0-1

[Event "Nationale Pupillendag 2012 - Cat. F"]
[Site "Roosendaal"]
[Date "2012.06.16"]
[Round "7.1"]
[White "Maes, Djad"]
[Black "Hoeneveld, Maarten"]
[Result "1/2-1/2"]
[ECO "B51"]
[WhiteElo "845"]
[BlackElo "1355"]
[PlyCount "25"]
[EventDate "2012.??.??"]
[TimeControl "1200+20"]
[WhiteClock "0:19:18"]
[BlackClock "0:19:31"]

1. e4 c5 2. Nf3 d6 3. Bb5+ Nd7 4. O-O a6 5. Ba4 b5 6. Bb3 c4 7. Bxc4 bxc4 8. b3
cxb3 9. cxb3 Bb7 10. Nc3 Ngf6 11. Qc2 e6 12. Re1 Be7 13. Ba3 1/2-1/2

[Event "Nationale Pupillendag 2012 - Cat. F"]
[Site "Roosendaal"]
[Date "2012.06.16"]
[Round "7.2"]
[White "Kroetkov, Ivan"]
[Black "De Boer, Eelke"]
[Result "0-1"]
[ECO "C50"]
[WhiteElo "922"]
[BlackElo "1205"]
[PlyCount "140"]
[EventDate "2012.??.??"]
[TimeControl "1200+50"]
[WhiteClock "0:13:01"]
[BlackClock "0:08:42"]

1. e4 e5 2. Nf3 Nc6 3. Nc3 Nf6 4. Bc4 Bc5 5. d3 d6 6. Bg5 h6 7. Bxf6 Qxf6 8.
Nd5 Qd8 9. c3 Bg4 10. h3 Bh5 11. Rg1 O-O 12. g4 Bg6 13. h4 a6 14. h5 Bh7 15. g5
hxg5 16. Nxg5 Ne7 17. Nxh7 Kxh7 18. Nxe7 Qxe7 19. Qg4 Qf6 20. O-O-O Bxf2 21.
Rg2 Be3+ 22. Kb1 Rg8 23. Rg3 Qf4 24. Qf5+ Qxf5 25. exf5 Bf4 26. Rf3 Rgf8 27.
Bd5 c6 28. Bb3 b5 29. h6 Bxh6 30. Rh1 d5 31. f6 Rg8 32. Rfh3 Kg6 33. fxg7 Bxg7
34. Rg1+ Kf6 35. Rf3+ Ke7 36. Rgf1 f6 37. Re3 Bh6 38. Rh3 Rg6 39. Re1 Ke6 40.
d4 Bf4 41. dxe5 fxe5 42. Rf3 Rf6 43. Bc2 Bd2 44. Rxf6+ Kxf6 45. Rf1+ Ke6 46.
Bf5+ Kd6 47. Rh1 e4 48. Rh6+ Bxh6 49. Kc2 Rg8 50. Bh3 Rg3 51. Bf1 Rf3 52. Be2
Rf2 53. Kd1 Ke5 54. Ke1 Be3 55. b3 Rh2 56. a3 Rh1+ 57. Bf1 Bd2+ 58. Kxd2 Rxf1
59. Ke2 Rf3 60. Ke1 e3 61. Ke2 Ke4 62. Ke1 Kd3 63. c4 dxc4 64. bxc4 bxc4 65. a4
Rh3 66. Kf1 e2+ 67. Kf2 Rf3+ 68. Kg2 e1=Q 69. Kh2 Qg3+ 70. Kh1 Rf1# 0-1

[Event "Nationale Pupillendag 2012 - Cat. F"]
[Site "Roosendaal"]
[Date "2012.06.16"]
[Round "7.3"]
[White "Terwee, Michiel"]
[Black "Heskes, Johan"]
[Result "1-0"]
[ECO "A40"]
[WhiteElo "820"]
[BlackElo "526"]
[PlyCount "89"]
[EventDate "2012.??.??"]
[TimeControl "1200+30"]
[WhiteClock "0:15:51"]
[BlackClock "0:16:24"]

1. d4 Nc6 2. Nf3 Nf6 3. c4 d5 4. c5 Bg4 5. Bg5 Bxf3 6. exf3 e6 7. Bb5 a6 8. Bd3
g6 9. O-O e5 10. dxe5 Nxe5 11. Nc3 Nxd3 12. Qxd3 Bxc5 13. Rfe1+ Be7 14. Bxf6
O-O 15. Bxe7 Qd7 16. Bxf8 Rxf8 17. Qxd5 Qc8 18. g3 c6 19. Qe4 b5 20. Rad1 b4
21. Na4 c5 22. Qg4 Qxg4 23. fxg4 h5 24. gxh5 gxh5 25. Re5 Kg7 26. Rg5+ Kh6 27.
Rdd5 f6 28. Rxh5+ Kg6 29. Rh4 Re8 30. Rxc5 Re1+ 31. Kg2 Ra1 32. a3 b3 33. Rb4
Ra2 34. Rxb3 a5 35. Rxa5 f5 36. Rb6+ Kg5 37. f4+ Kg4 38. Rg6+ Kh5 39. Rg5+ Kh6
40. Ra6+ Kh7 41. Rxf5 Rxb2+ 42. Nxb2 Kg7 43. Rb5 Kf7 44. Rb7+ Ke8 45. Ra8# 1-0

[Event "Nationale Pupillendag 2012 - Cat. F"]
[Site "Roosendaal"]
[Date "2012.06.16"]
[Round "7.4"]
[White "Kerkmeester, Cedric"]
[Black "Bruggink, Tycho"]
[Result "0-1"]
[ECO "C00"]
[WhiteElo "882"]
[BlackElo "1060"]
[PlyCount "74"]
[EventDate "2012.??.??"]
[TimeControl "1200+60"]
[WhiteClock "0:13:55"]
[BlackClock "0:15:39"]

1. e4 e6 2. Nf3 d5 3. exd5 exd5 4. d3 Nf6 5. Be2 Be7 6. O-O O-O 7. Be3 Nc6 8.
c3 Be6 9. d4 Ne4 10. Nbd2 f5 11. c4 f4 12. Nxe4 dxe4 13. d5 exf3 14. Bxf3 fxe3
15. fxe3 Bxd5 16. Bxd5+ Kh8 17. Rxf8+ Qxf8 18. Bxc6 bxc6 19. Qd7 Bc5 20. Qh3
Qe7 21. Re1 Re8 22. Kf2 Qf7+ 23. Ke2 Rxe3+ 24. Qxe3 Bxe3 25. Kxe3 Qxc4 26. Rd1
h6 27. b3 Qe6+ 28. Kf2 Kh7 29. Re1 Qf5+ 30. Kg1 Qc5+ 31. Kh1 Qc2 32. Re7 Qxa2
33. h3 Qxb3 34. Rxc7 Qd1+ 35. Kh2 Qd6+ 36. g3 Qxc7 37. Kg2 Kg6 0-1

[Event "Nationale Pupillendag 2012 - Cat. F"]
[Site "Roosendaal"]
[Date "2012.06.16"]
[Round "7.5"]
[White "Van Harten, Eva"]
[Black "De Haas, Tristan"]
[Result "0-1"]
[ECO "A03"]
[WhiteElo "867"]
[BlackElo "937"]
[PlyCount "98"]
[EventDate "2012.??.??"]
[TimeControl "1200+75"]
[WhiteClock "0:04:34"]
[BlackClock "0:07:13"]

1. f4 d5 2. e3 Nf6 3. Nf3 Bg4 4. Be2 Bxf3 5. Bxf3 e6 6. O-O Nc6 7. d3 Bc5 8.
Kh1 e5 9. Nc3 e4 10. dxe4 dxe4 11. Qxd8+ Rxd8 12. Bxe4 O-O 13. Bxc6 bxc6 14. a3
Rfe8 15. Re1 Ne4 16. b4 Bb6 17. Na4 h6 18. Nxb6 cxb6 19. Bb2 Rd2 20. Rac1 Re6
21. h3 Rg6 22. Rg1 c5 23. bxc5 bxc5 24. a4 a5 25. Be5 Ng3+ 26. Kh2 Ne2 27. Rcd1
Rxc2 28. Rge1 Nc3 29. Rd8+ Kh7 30. Rg1 Ne2 31. Re1 Nc3 32. Rg1 Nxa4 33. Ra8 Nb6
34. Rxa5 c4 35. Rc5 c3 36. Bxc3 Na4 37. Rc7 Rxc3 38. Rxf7 Rxe3 39. Rf8 Reg3 40.
Kh1 Nc3 41. Re8 Rd3 42. Kh2 Nd5 43. f5 Rf6 44. g4 Ra6 45. h4 Nf4 46. Rf1 Ra2+
47. Kg1 Nh3+ 48. Kh1 Rdd2 49. g5 Rh2# 0-1

[Event "Nationale Pupillendag 2012 - Cat. F"]
[Site "Roosendaal"]
[Date "2012.06.16"]
[Round "7.6"]
[White "Honkoop, Gilian"]
[Black "Janse, Sebastiaan"]
[Result "1-0"]
[ECO "A45"]
[WhiteElo "1022"]
[BlackElo "914"]
[PlyCount "141"]
[EventDate "2012.??.??"]
[TimeControl "1200+75"]
[WhiteClock "0:04:51"]
[BlackClock "0:07:34"]

1. d4 Nf6 2. Nc3 d5 3. Bf4 a6 4. Nf3 Nc6 5. e3 Bf5 6. Bd3 Bxd3 7. cxd3 e6 8.
O-O Bd6 9. Bg5 h6 10. Bxf6 Qxf6 11. Qe2 e5 12. Nxd5 Qe6 13. Nc3 exd4 14. exd4
Qxe2 15. Nxe2 O-O 16. a3 Rae8 17. Nc3 Na5 18. b4 Nc6 19. Nd5 Re2 20. Rfe1 Rfe8
21. Ne3 Rxe1+ 22. Rxe1 Bf4 23. Kf1 Bxe3 24. fxe3 a5 25. b5 Na7 26. a4 c6 27.
bxc6 Nxc6 28. Kf2 Nb4 29. Ke2 Nc2 30. Rb1 Nxe3 31. Rxb7 Nxg2+ 32. Kf2 Nf4 33.
Rb3 Re2+ 34. Kg3 g5 35. Ne5 Re3+ 36. Kg4 h5+ 37. Kxg5 Ne6+ 38. Kxh5 Nxd4 39.
Rb8+ Kg7 40. Nc4 Rh3+ 41. Kg4 Rxh2 42. Rb7 Rg2+ 43. Kh3 Rg6 44. Ne5 Rh6+ 45.
Kg2 Re6 46. Nxf7 Rg6+ 47. Kh3 Kf6 48. Nd6 Ke5 49. Nc4+ Kf4 50. Rf7+ Kg5 51. Rd7
Rh6+ 52. Kg2 Ne6 53. Rd5+ Kg4 54. Ne5+ Kh4 55. Nf3+ Kg4 56. Rxa5 Nf4+ 57. Kf2
Nxd3+ 58. Ke3 Re6+ 59. Kxd3 Kxf3 60. Rd5 Re3+ 61. Kc4 Re4+ 62. Kb5 Re1 63. Kb6
Rb1+ 64. Rb5 Re1 65. a5 Re6+ 66. Ka7 Ke4 67. a6 Re8 68. Rb1 Kd5 69. Rd1+ Kc4
70. Rc1+ Kd4 71. Kb6 1-0

[Event "Nationale Pupillendag 2012 - Cat. F"]
[Site "Roosendaal"]
[Date "2012.06.16"]
[Round "7.7"]
[White "Tran, Tommy"]
[Black "Koster, David"]
[Result "1-0"]
[ECO "B20"]
[WhiteElo "813"]
[BlackElo "771"]
[PlyCount "121"]
[EventDate "2012.??.??"]
[TimeControl "1200+60"]
[WhiteClock "0:11:34"]
[BlackClock "0:06:24"]

1. e4 c5 2. d4 e6 3. c3 Nf6 4. Bd3 d5 5. Nd2 c4 6. Bc2 dxe4 7. Nxe4 Nc6 8. Nf3
g6 9. O-O Qc7 10. Nxf6+ Kd8 11. Bg5 Be7 12. Ne4 Bxg5 13. Nexg5 f6 14. Ne4 f5
15. Nc5 Ke7 16. Ng5 b6 17. Na4 h6 18. Nf3 Rd8 19. Re1 Rd5 20. b3 b5 21. Nc5 e5
22. Nxe5 Nxe5 23. Rxe5+ Rxe5 24. dxe5 Qxc5 25. Qd2 g5 26. Rd1 Be6 27. Qd6+ Qxd6
28. Rxd6 cxb3 29. Bxb3 Bxb3 30. axb3 a5 31. f3 b4 32. cxb4 axb4 33. Kf2 Ra2+
34. Kg3 f4+ 35. Kg4 Rxg2+ 36. Kh3 Re2 37. Rxh6 Rxe5 38. Rb6 Re3 39. Rxb4 Rxf3+
40. Kg4 Rc3 41. Kxg5 f3 42. Rf4 Rxb3 43. Rf5 Rb2 44. h4 f2 45. Kg4 Ke6 46. Rf3
{Kf7 [%clk 0:09:13] Kg3+ [%clk 0:13:40] Ke6 Kg4} Ke7 47. Kg3 Ke6 48. h5 Rb5 49.
h6 Rg5+ 50. Kxf2 Rh5 51. Rb3 Kf7 52. Rb6 Kg8 53. Kg3 Kh7 54. Rb8 Rxh6 55. Rb7+
Kg8 56. Kg4 Rh7 57. Rb8+ Kg7 58. Kg5 Rh8 59. Rb7+ Kg8 60. Kg6 Rh7 61. Rb8# 1-0

[Event "Nationale Pupillendag 2012 - Cat. F"]
[Site "Roosendaal"]
[Date "2012.06.16"]
[Round "7.8"]
[White "Terpstra, Thijmen"]
[Black "Hilwerda, Jonas"]
[Result "0-1"]
[ECO "C50"]
[WhiteElo "702"]
[BlackElo "1255"]
[PlyCount "28"]
[EventDate "2012.??.??"]
[TimeControl "1200+45"]
[WhiteClock "0:18:01"]
[BlackClock "0:16:54"]

1. e4 e5 2. Nf3 Nc6 3. Nc3 Nf6 4. Bc4 Bc5 5. O-O d6 6. d3 Bg4 7. Bg5 Nd4 8. Nd5
Nxf3+ 9. gxf3 Bh3 10. Nxf6+ gxf6 11. Bh6 Rg8+ 12. Kh1 Bg2+ 13. Kg1 Bxf3+ 14.
Bg5 Rxg5# 0-1

[Event "Nationale Pupillendag 2012 - Cat. F"]
[Site "Roosendaal"]
[Date "2012.06.16"]
[Round "7.9"]
[White "Heijnen, Silvan"]
[Black "Bourgonjen, Thijmen"]
[Result "1-0"]
[ECO "C50"]
[WhiteElo "889"]
[BlackElo "816"]
[PlyCount "57"]
[EventDate "2012.??.??"]
[TimeControl "1200+55"]
[WhiteClock "0:16:06"]
[BlackClock "0:16:01"]

1. e4 e5 2. Nf3 Nc6 3. Bc4 Be7 4. d4 d6 5. d5 Nb4 6. a3 Na6 7. Bb5+ c6 8. dxc6
Qa5+ 9. Nc3 b6 10. b4 Nxb4 11. Bb2 Na6 12. O-O Nf6 13. Nd5 Nxd5 14. Qxd5 Nc5
15. c7+ Kf8 16. Qxa8 Qxb5 17. Qxc8+ Qe8 18. Qxe8+ Kxe8 19. c8=Q+ Bd8 20. Rfd1
f6 21. Nxe5 fxe5 22. Bxe5 Ke7 23. Bxd6+ Kf7 24. Qf5+ Bf6 25. Be5 Nb7 26. Bxf6
gxf6 27. Rd7+ Kf8 28. Qxf6+ Kg8 29. Qg7# 1-0

[Event "Nationale Pupillendag 2012 - Cat. F"]
[Site "Roosendaal"]
[Date "2012.06.16"]
[Round "7.10"]
[White "Bruil, Rembrandt"]
[Black "De Valck, Thomas"]
[Result "1-0"]
[ECO "C34"]
[WhiteElo "752"]
[BlackElo "734"]
[PlyCount "95"]
[EventDate "2012.??.??"]
[TimeControl "1200+35"]
[WhiteClock "0:14:10"]
[BlackClock "0:13:18"]

1. e4 e5 2. f4 exf4 3. Nf3 Nc6 4. d4 Nf6 5. Nc3 Bb4 6. Qe2 Bxc3+ 7. bxc3 d6 8.
Bxf4 Bg4 9. h3 Bxf3 10. Qxf3 O-O 11. Bd3 Qe8 12. O-O Qe6 13. d5 Qd7 14. dxc6
Qxc6 15. Rfe1 Qc5+ 16. Kh1 Qxc3 17. Qg3 Nh5 18. Qf3 Nxf4 19. Qxf4 Qb2 20. Qh4
g6 21. Reb1 Qc3 22. Rxb7 Qxa1+ 23. Kh2 Qxa2 24. Rxc7 Qb2 25. Rd7 Qe5+ 26. g3
Qc3 27. Rxd6 Qd2+ 28. Kg1 Rab8 29. c4 Qxd3 30. Rxd3 Rb2 31. Qf6 Rb6 32. Rd6
Rb1+ 33. Kf2 Rb3 34. Ra6 Ra8 35. c5 Rab8 36. Rxa7 Rd3 37. Ke2 Rxg3 38. Qd6 Rb2+
39. Kf1 Rxh3 40. Ra8+ Kg7 41. Qd4+ Kh6 42. Qxb2 Rf3+ 43. Kg2 Rf4 44. Qd2 Kg5
45. Kg3 Kh5 46. Qxf4 g5 47. Qf5 h6 48. Qxf7# 1-0

[Event "Nationale Pupillendag 2012 - Cat. F"]
[Site "Roosendaal"]
[Date "2012.06.16"]
[Round "7.11"]
[White "Schreuder, Ruben"]
[Black "Niemann, Hans"]
[Result "1/2-1/2"]
[ECO "B40"]
[WhiteElo "733"]
[BlackElo "728"]
[PlyCount "108"]
[EventDate "2012.??.??"]
[TimeControl "1200+20"]
[WhiteClock "0:16:21"]
[BlackClock "0:16:36"]

1. e4 c5 2. Nf3 e6 3. Bc4 Nf6 4. d3 d5 5. exd5 exd5 6. Bb3 Bd6 7. O-O O-O 8.
Bg5 h6 9. Bh4 Be7 10. Nc3 d4 11. Ne2 Nc6 12. Ng3 Bg4 13. Re1 Bd6 14. Bxf6 Qxf6
15. Bd5 Ne5 16. Bxb7 Rab8 17. Be4 Rxb2 18. h3 Nxf3+ 19. Bxf3 Bxf3 20. Qxf3 Qxf3
21. gxf3 Rxc2 22. Rec1 Rd2 23. Rd1 Rxd1+ 24. Rxd1 Bxg3 25. fxg3 Re8 26. Kg2
Re2+ 27. Kf1 Rxa2 28. Re1 Rh2 29. h4 a5 30. Kg1 Rd2 31. Re8+ Kh7 32. Rc8 Rxd3
33. Kf2 Rc3 34. Ke2 a4 35. Ra8 a3 36. Kf2 Rc2+ 37. Ke1 a2 38. Kd1 d3 39. Ra3 c4
40. f4 c3 41. Ra4 Rd2+ 42. Kc1 c2 43. Kxd2 Kg6 44. Rxa2 Kf5 45. Ra1 Kg4 46.
Kxd3 Kxg3 47. Kxc2 Kxf4 48. Rh1 g5 49. hxg5 hxg5 50. Rf1+ Ke3 51. Kc3 g4 52.
Kc2 g3 53. Rg1 Kf2 54. Rd1 g2 1/2-1/2

[Event "Nationale Pupillendag 2012 - Cat. F"]
[Site "Roosendaal"]
[Date "2012.06.16"]
[Round "7.12"]
[White "De Oude, Fenna"]
[Black "Luiten, Timo"]
[Result "0-1"]
[ECO "C57"]
[WhiteElo "415"]
[BlackElo "670"]
[PlyCount "36"]
[EventDate "2012.??.??"]
[TimeControl "1200+45"]
[WhiteClock "0:16:45"]
[BlackClock "0:15:36"]

1. e4 e5 2. Nf3 Nc6 3. Bc4 Nf6 4. Ng5 d5 5. exd5 Nxd5 6. Qf3 Qxg5 7. Bxd5 Qg6
8. O-O Bd6 9. b3 O-O 10. Ba3 Nb4 11. Be4 Qh6 12. c3 c5 13. cxb4 cxb4 14. Bb2
Bd7 15. a3 Rac8 16. axb4 Bc6 17. Bxc6 e4 18. Qxe4 Qxh2# 0-1

[Event "Nationale Pupillendag 2012 - Cat. F"]
[Site "Roosendaal"]
[Date "2012.06.16"]
[Round "7.13"]
[White "Meijer, Arjen"]
[Black "Varnica, Milan"]
[Result "0-1"]
[ECO "B30"]
[WhiteElo "796"]
[BlackElo "724"]
[PlyCount "46"]
[EventDate "2012.??.??"]
[TimeControl "1200+70"]
[WhiteClock "0:15:39"]
[BlackClock "0:13:23"]

1. e4 c5 2. Nf3 Nc6 3. Nc3 e6 4. Bc4 a6 5. d3 Nge7 6. Bf4 Ng6 7. Bg5 Be7 8.
Bxe7 Qxe7 9. O-O O-O 10. h3 b5 11. Bb3 Bb7 12. Qe2 b4 13. Na4 d6 14. e5 Ncxe5
15. Nxe5 Nxe5 16. c3 Qg5 17. g3 Nf3+ 18. Kg2 Nd4+ 19. Kh2 Nxe2 20. Rfe1 Nf4 21.
Nb6 Rad8 22. h4 Qg4 23. Rg1 Qh3# 0-1

[Event "Nationale Pupillendag 2012 - Cat. F"]
[Site "Roosendaal"]
[Date "2012.06.16"]
[Round "7.14"]
[White "Vergos, Marios Timon"]
[Black "Warnaar, Alisha"]
[Result "1-0"]
[ECO "C65"]
[WhiteElo "760"]
[BlackElo "452"]
[PlyCount "37"]
[EventDate "2012.??.??"]
[TimeControl "1200+25"]
[WhiteClock "0:17:35"]
[BlackClock "0:17:46"]

1. e4 e5 2. Nf3 Nc6 3. Bb5 Nf6 4. Bxc6 dxc6 5. Nxe5 Qe7 6. d4 Nxe4 7. Qe2 Bf5
8. O-O b5 9. Nxc6 Qd7 10. Qxb5 Nf6 11. Re1+ Be7 12. Rxe7+ Kf8 13. Rxd7 Nxd7 14.
Qxf5 Re8 15. g3 Re6 16. Nd8 Re1+ 17. Kg2 Rxc1 18. Qxd7 Rxc2 19. Qxf7# 1-0

[Event "Nationale Pupillendag 2012 - Cat. F"]
[Site "Roosendaal"]
[Date "2012.06.16"]
[Round "7.15"]
[White "Winters, Sean"]
[Black "Salomons, Quinten"]
[Result "0-1"]
[ECO "A00"]
[WhiteElo "387"]
[BlackElo "810"]
[PlyCount "21"]
[EventDate "2012.??.??"]
[TimeControl "1200+20"]
[WhiteClock "0:19:08"]
[BlackClock "0:19:31"]

1. e3 e5 2. Nf3 Nc6 3. Nc3 Nf6 4. Bb5 Be7 5. O-O O-O 6. Bxc6 dxc6 7. Nxe5 Bd6
8. Nf3 Bg4 9. Na4 b5 10. Nc3 b4 11. Na4 0-1

[Event "Nationale Pupillendag 2012 - Cat. F"]
[Site "Roosendaal"]
[Date "2012.06.16"]
[Round "7.16"]
[White "Vos, Boris"]
[Black "Meulendijks, Bram"]
[Result "0-1"]
[ECO "C25"]
[WhiteElo "452"]
[BlackElo "616"]
[PlyCount "70"]
[EventDate "2012.??.??"]
[TimeControl "1200+55"]
[WhiteClock "0:13:01"]
[BlackClock "0:17:06"]

1. e4 e5 2. Nc3 Nc6 3. Bb5 Nf6 4. Bxc6 dxc6 5. Nf3 Bg4 6. Nxe5 Bxd1 7. Nxd1 Bc5
8. Nc3 Nxe4 9. Nxe4 Bb6 10. Nf3 Qe7 11. d3 f5 12. Bg5 Qe6 13. O-O fxe4 14. Rfe1
O-O 15. dxe4 c5 16. Be3 c6 17. Ng5 Qd6 18. Rad1 Qe5 19. f4 Qxb2 20. Rd2 Ba5 21.
Rd3 Bxe1 22. Bxc5 Rfd8 23. Bd4 Qc1 24. Be3 Qb1 25. g3 Bxg3+ 26. Kg2 Qxc2+ 27.
Rd2 Rxd2+ 28. Bxd2 Qxd2+ 29. Kxg3 Rf8 30. Ne6 Qe1+ 31. Kg4 Rf6 32. f5 Qxe4+ 33.
Nf4 Qxf5+ 34. Kf3 Qxf4+ 35. Ke2 Re6+ {Kd2 [%clk 0:12:59] Qd4+ [%clk 0:17:05]
Kc2 [%clk 0:12:57] Re3 [%clk 0:17:04] Kc1 [%clk 0:12:49] Re2 [%clk 0:16:49] a3
[%clk 0:12:29] Qd2+ [%clk 0:16:47] Kb1} 0-1